 Dungeon Crawl Stone Soup version 0.23-a0-451-g1044d4cbad (webtiles) character file.

115 Tamron the Digger (level 5, -4/28 HPs)
             Began as a Gargoyle Earth Elementalist on Nov 22, 2018.
             Slain by an iguana (9 damage)
             ... on level 3 of the Dungeon.
             The game lasted 00:04:13 (2234 turns).

Tamron the Digger (Gargoyle Earth Elementalist)     Turns: 2234, Time: 00:04:14

Health: -4/28      AC:  6    Str: 11    XL:     5   Next: 0%
Magic:  2/9        EV: 16    Int: 17    God:
Gold:   103        SH:  0    Dex: 10    Spells: 6/10 levels left

rFire    . . .     SeeInvis .   a - +0 club
rCold    . . .     Gourm    .   (no shield)
rNeg     + . .     Faith    .   c - +0 robe
rPois    ∞         Spirit   .   (no helmet)
rElec    +         Reflect  .   (no cloak)
rCorr    .         Harm     .   (no gloves)
MR       .....                  (no boots)
Stlth    ++........             (no amulet)
HPRegen  0.09/turn              f - +4 ring of evasion
MPRegen  0.11/turn              (no ring)

@: no status effects
A: negative energy resistance 1, electricity resistance, unbreathing,
petrification resistance, rot immunity, AC +4
a: no special abilities


You were on level 3 of the Dungeon.
You were not hungry.

You visited 1 branch of the dungeon, and saw 3 of its levels.

You collected 103 gold pieces.

Inventory:

Hand Weapons
 a - a +0 club (weapon)
Missiles
 b - 43 stones (quivered)
Armour
 c - a +0 robe (worn)
Jewellery
 f - a +4 ring of evasion (left hand)
Scrolls
 e - 3 scrolls of enchant armour {unknown}
 g - 3 scrolls of remove curse {unknown}
 h - a scroll of fog {unknown}
 i - a scroll of teleportation {unknown}
 j - a scroll of random uselessness {unknown}
 l - a scroll of identify {unknown}
 m - a scroll of fear {unknown}
Potions
 n - a potion of haste {unknown}
Comestibles
 d - 3 rations
 k - a chunk of flesh


   Skills:
 - Level 1.5 Dodging
 - Level 2.1 Stealth
 + Level 3.2 Spellcasting
 + Level 1.9 Conjurations
   Level 0.7 Transmutations
 + Level 5.0 Earth Magic


You had 6 spell levels left.
You knew the following spells:

 Your Spells              Type           Power        Failure   Level  Hunger
a - Sandblast             Erth           ###...       2%          1    None
b - Stone Arrow           Conj/Erth      ##....       12%         3    ###....

Your spell library contained the following spells:

 Spells                   Type           Power        Failure   Level  Hunger
 Passwall                 Tmut/Erth      ##......     8%          2    ##.....
 Petrify                  Tmut/Erth      ##......     45%         4    ####...
 Lee's Rapid Deconstruct  Erth           ###.......   52%         5    ######.


Dungeon Overview and Level Annotations

Branches:
Dungeon (3/15)

Altars:
Cheibriados
Gozag
Hepliaklqana
Trog

Annotations:
D:3 3 runed doors, LostNumber's ghost, amateur GrFi


Innate Abilities, Weirdness & Mutations

You are resistant to torment.
Your stone body is resilient. (AC +4)
You are immune to poison.
You resist negative energy. (rN+)
You are resistant to electric shocks. (rElec)
You can survive without breathing.
You are immune to petrification.
You are immune to rotting.


Message History

You have reached level 5!
You closely miss the iguana. The iguana closely misses you.
The iguana misses you.
You hit the iguana.
The iguana is moderately wounded.
The iguana misses you.
You closely miss the iguana.
The iguana is moderately wounded.
The iguana hisses menacingly.
The iguana bites you!
You hit the iguana but do no damage.
The iguana is moderately wounded.
The iguana bites you!
* * * LOW HITPOINT WARNING * * *
The iguana hisses menacingly.
The iguana barely misses you.
You hit the iguana.
The iguana is moderately wounded.
The iguana bites you!
You die...

#.# # #.# #. #.# #.######
#.# #......# #.# #......#
#.# #......# ###.#######
##......#####.........#
....<....l@.#.#.#####.#
.#......###...#)....#'#####
........# ##..#.#..........
##....... #..###..........
...#..... ##..............
## #.....# #..###..#'#####
....S.. ...............
........ ..........#####
##..####.##


You could see an iguana.

Vanquished Creatures
  Natasha (D:3)
  5 adders
  A worm (D:3)
  4 dart slugs
  2 leopard geckos (D:1)
  An orc (D:3)
  2 bats (D:1)
  2 giant cockroaches
  A hobgoblin (D:2)
  A ball python (D:2)
  3 frilled lizards
  2 goblins (D:1)
  9 kobolds
  6 rats
40 creatures vanquished.

Notes
Turn   | Place    | Note
-------+----------+-------------------------------------------
     0 | D:1      | Tamron the Gargoyle Earth Elementalist began the quest for
                  | the Orb.
     0 | D:1      | Reached XP level 1. HP: 10/10 MP: 3/3
   147 | D:1      | Reached XP level 2. HP: 15/15 MP: 3/5
   161 | D:1      | Reached skill level 4 in Earth Magic
  1081 | D:2      | Reached XP level 3. HP: 18/19 MP: 5/7
  1086 | D:2      | Learned a level 3 spell: Stone Arrow
  1197 | D:2      | Found a faded altar of an unknown god.
  1197 | D:2      | Found a hazy altar of Hepliaklqana.
  1205 | D:2      | Found a bloodstained altar of Trog.
  1208 | D:2      | Found an opulent altar of Gozag.
  1210 | D:2      | Found a snail-covered altar of Cheibriados.
  1461 | D:2      | Reached skill level 1 in Conjurations
  1464 | D:2      | Reached XP level 4. HP: 2/24 MP: 2/8
  1988 | D:3      | Noticed LostNumber's ghost (amateur GrFi)
  2009 | D:3      | Found a runed gate.
  2009 | D:3      | Found a runed gate.
  2009 | D:3      | Found a runed gate.
  2212 | D:3      | Noticed Natasha
  2224 | D:3      | Killed Natasha
  2224 | D:3      | Reached skill level 5 in Earth Magic
  2229 | D:3      | Reached XP level 5. HP: 20/28 MP: 1/9
  2234 | D:3      | Slain by an iguana

Vault maps used:
D:1:      minmay_arrival_hallway, minmay_tromino_v2
D:2:      chequers_temple_overflow_minitemple
D:3:      gammafunk_ghost_icy, first_ration, yredelemnul_altar_generic,
          uniq_natasha

Skill      XL: |  1  2  3  4 |
---------------+-------------+-----
Earth Magic    | 4 5 |  5.0
Conjurations   | 1 |  1.9
Spellcasting   | 3 |  3.2
Dodging        | |  1.5
Stealth        | |  2.1
Transmutations | |  0.7

Action                   |  1- 3 |  4- 6 || total
-------------------------+-------+-------++-------
Melee: Unarmed           |     9 |       ||     9
       Club              |    79 |    34 ||   113
 Cast: Sandblast         |    15 |    19 ||    34
 Stab: Sleeping          |     1 |       ||     1
  Eat: Chunk             |     2 |     2 ||     4
Armor: Robe              |    34 |     9 ||    43
Dodge: Dodged            |    89 |    41 ||   130

Table legend:
 A = Non-vault XP
 B = Vault XP
 C = Vault XP percentage of total XP
 D = Non-vault monster count
 E = Vault monster count
 F = Vault count percentage of total count
                 A         B        C        D         E       F
            +---------+---------+-------+---------+---------+-------
      Total |     126 |      39 |  23.6 |      38 |       2 |   5.0
            +---------+---------+-------+---------+---------+-------
        D:1 |      22 |       4 |  15.4 |      12 |       1 |   7.7
        D:2 |      58 |       0 |   0.0 |      14 |       0 |   0.0
        D:3 |      46 |      35 |  43.2 |      12 |       1 |   7.7
            +---------+---------+-------+---------+---------+-------
